 Dungeon Crawl Stone Soup version 0.18-a0-1673-gaded821 (webtiles) character file.

78 Geomchi the Caller (level 4, -1/21 HPs)
             Began as a Vine Stalker Summoner on Apr 1, 2016.
             Killed by divine providence
             ... invoked by an orc priest
              (13 damage)
             ... on level 3 of the Dungeon.
             The game lasted 00:03:43 (2012 turns).

Geomchi the Caller (Vine Stalker Summoner)          Turns: 2012, Time: 00:03:43

Health: -1/21      AC:  2    Str: 10    XL:     4   Next: 36%
Magic:  0/10       EV:  7    Int: 16    God:
Gold:   72         SH:  0    Dex: 15    Spells: 3 memorised, 4 levels left

rFire  . . .     SeeInvis .     e - +0 dagger
rCold  . . .     Gourm    .     a - +0 robe
rNeg   . . .     Faith    .     (no shield)
rPois  .         Spirit   +     (no helmet)
rElec  .         Dismiss  .     (no cloak)
rCorr  .         Reflect  .     (no gloves)
SustAt .         Harm     .     (no boots)
MR     .....                    (no amulet)
Stlth  ++........               (no ring)
                                (no ring)

@: not resistant to hostile enchantments, unstealthy
A: fangs 2, regeneration 1, magic shield, antimagic bite, no device heal 3, rot
immunity
a: no special abilities


You were on level 3 of the Dungeon.
You were hungry.

You visited 1 branch of the dungeon, and saw 3 of its levels.

You collected 72 gold pieces.

Inventory:

Hand Weapons
 e - a +0 dagger (weapon)
Armour
 a - a +0 robe (worn)
Jewellery
 m - an uncursed amulet of rage {unknown}
Scrolls
 d - 5 scrolls of identify {unknown}
 i - a scroll of enchant armour {unknown}
 k - a scroll of remove curse {unknown}
 l - 2 scrolls of teleportation {unknown}
 n - a scroll of magic mapping {unknown}
Books
 b - a book of Callings

   Spells                             Type                      Level
   a - Summon Small Mammal            Summoning                    1
   b - Call Imp                       Summoning                    2
   c - Call Canine Familiar           Summoning                    3
   d - Summon Guardian Golem          Hexes/Summoning              3
   e - Summon Lightning Spire         Summoning/Air                4
   f - Summon Ice Beast               Ice/Summoning                4
Comestibles
 c - 3 bread rations {@e1}
 f - 2 meat rations {@e2}
 g - 2 chunks of flesh {@w0}
 p - 3 fruits


   Skills:
 - Level 1.5 Dodging
 - Level 2.4 Stealth
 + Level 3.8 Spellcasting
 + Level 4.7 Summonings


You had 4 spell levels left.
You knew the following spells:

 Your Spells              Type           Power        Failure   Level  Hunger
a - Summon Small Mammal   Summ           ###.         2%          1    None
b - Call Imp              Summ           ###.....     4%          2    ##.....
c - Call Canine Familiar  Summ           ###.....     10%         3    ###....


Dungeon Overview and Level Annotations

Branches:
Dungeon (3/15)

Altars:
Cheibriados
Xom

Annotations:
D:3 Robin


Innate Abilities, Weirdness & Mutations

You have extremely sharp teeth.
Your natural rate of healing is unusually fast.
When hurt, damage is shared between your health and your magic reserves.
Your bite disrupts and absorbs the magic of your enemies.
Potions and wands cannot restore your health.
You are immune to rotting.


Message History

Health restored: 21 You regained 2 mp, and now have 6/10 mp.
There is a stone staircase leading down here.
You start resting.
MP restored: 10 You climb downwards.
Your summoned allies are left behind.
Level annotation: Robin 2 orcs, 2 orc priests and an orc wizard come into view.
The orc shouts!
The orc priest shouts!
The orc shouts!
The orc priest casts a cantrip, but nothing happens.
Found 9 gold pieces.
There is a stone staircase leading up here.
You are feeling hungry.
The orc wizard points at you and mumbles some strange words.
The puff of flame hits you!
You take 9 damage, and have 12/21 hp.
MASSIVE DAMAGE!!
You now have 3/10 mp.
The orc priest calls down the wrath of Beogh upon you.
Beogh smites you!
Ouch! That really hurt!
You die...

# # #.
###+#####.# ..
.......o..
#.##.....o...
$.......o..
#.##h........
#....@...o...
#.......o......
...............
######.........
..........
#..........
#.######### #.


You could see 2 orc priests, an orc wizard, 2 orcs and a friendly hound.

Vanquished Creatures
  An orc priest (D:2)
  A giant gecko (D:2)
  A giant cockroach (D:2)
  3 goblins
  3 hobgoblins
  2 jackals (D:1)
  3 kobolds
  A ball python (D:2)
  3 bats
  4 rats
22 creatures vanquished.

Vanquished Creatures (collateral kills)
  2 adders (D:2)
  2 dart slugs (D:2)
  A giant cockroach (D:2)
  6 goblins (D:3)
  6 hobgoblins
  A jackal (D:1)
  A giant newt (D:1)
  2 kobolds
21 creatures vanquished.

Grand Total: 43 creatures vanquished

Notes
Turn   | Place    | Note
--------------------------------------------------------------
     0 | D:1      | Geomchi the Vine Stalker Summoner began the quest for the Orb.
     0 | D:1      | Reached XP level 1. HP: 9/9 MP: 4/4
   226 | D:1      | Reached XP level 2. HP: 13/13 MP: 4/6
   269 | D:1      | Learned a level 2 spell: Call Imp
   910 | D:2      | Found a shimmering altar of Xom.
   910 | D:2      | Found a snail-covered altar of Cheibriados.
  1229 | D:2      | Reached XP level 3. HP: 14/16 MP: 6/8
  1234 | D:2      | Learned a level 3 spell: Call Canine Familiar
  1747 | D:3      | Noticed Robin
  1826 | D:2      | HP: 1/24 [orc priest/divine providence (6)]
  1830 | D:2      | Reached XP level 4. HP: 2/21 MP: 5/10
  2012 | D:3      | Killed from afar by an orc priest

Vault maps used:
D:1:      scummos_arrival_simple_crosswalls
D:2:      wad_lake_hut, gammafunk_temple_overflow_wave
D:3:      first_bread, moated_statue, kennysheep_generic_room_13, uniq_terence,
          uniq_natasha, uniq_robin

Skill      XL: |  1  2 |
---------------+-------+-----
Spellcasting   | 3 |  3.8
Dodging        | |  1.5
Stealth        | |  2.4
Summonings     | |  4.7

Action                   |  1- 3 |  4- 6 || total
-------------------------+-------+-------++-------
Melee: Dagger            |    69 |     4 ||    73
       Unarmed           |     3 |       ||     3
 Cast: Summon Small Mamm |    27 |       ||    27
       Call Imp          |     5 |     2 ||     7
       Call Canine Famil |     4 |     3 ||     7
  Use: Potion            |     4 |       ||     4
 Stab: Sleeping          |     3 |       ||     3
  Eat: Chunk             |     3 |     2 ||     5
